Map: Романтицид РВ

Players

ShoWTimE

  • Race: Protoss Protoss
  • League: Grandmaster

Hawk - Winner!

  • Race: Protoss Protoss
  • League: Grandmaster

VOD

Have the link to the VOD?

Description

Time

  • Played on: April 17, 2021, 12:55 p.m.
  • Length: 5:40
Show
View Real Time Build Order
Export as new Build Order

ShoWTimE Protoss 

Build Orders: Phoenix Opening 

Get SALT Encoding   

  12  0:00  Probe  
  13  0:12  Probe  
  14  0:17  Pylon  
  14  0:24  Probe (Chrono Boost)  
  15  0:36  Gateway, Probe (Chrono Boost)  
  16  0:44  Probe (Chrono Boost)  
  16  0:46  Assimilator  
  17  0:50  Probe  
  17  0:54  Assimilator  
  18  1:03  Probe (Chrono Boost)  
  19  1:08  Gateway  
  19  1:13  Probe (Chrono Boost)  
  19  1:18  Probe (Chrono Boost)  
  20  1:24  Cybernetics Core  
  21  1:29  Probe  
  22  1:38  Pylon  
  22  1:41  Probe  
  23  1:56  Probe  
  23  2:00  Stalker  
  23  2:01  Warp Gate  
  28  2:07  Sentry  
  28  2:08  Probe  
  29  2:15  Pylon  
  29  2:32  Sentry  
  29  2:34  Stalker  
  33  2:41  Phoenix, Nexus  
  32  2:44  Probe  
  32  2:50  Shield Battery  
  33  2:56  Probe (Chrono Boost)  
  36  2:58  Sentry  
  36  3:07  Pylon  
  36  3:09  Probe (Chrono Boost)  
  37  3:14  Probe (Chrono Boost)  
  37  3:18  Robotics Facility  
  38  3:23  Probe  
  39  3:29  Phoenix  
  39  3:35  Gateway  
  39  3:41  Shield Battery  
  39  3:50  Probe  
  39  3:51  Stalker  
  39  3:52  Stalker  
  45  4:05  Immortal (Chrono Boost)  
  48  4:12  Probe  
  48  4:13  Probe  
  50  4:17  Immortal (Chrono Boost)  
  50  4:20  Stalker  
  52  4:25  Probe x2  
  54  4:34  Stalker  
  54  4:37  Probe  
  53  4:42  Stalker  
  49  4:52  Immortal (Chrono Boost)  
  53  4:57  Stalker  
  53  5:02  Stalker  
  47  5:12  Stalker  
  46  5:15  Shield Battery  
Show
View Real Time Build Order
Export as new Build Order

Hawk Protoss - Winner!

Build Orders: Blink Stalkers 

Get SALT Encoding   

  12  0:00  Probe  
  13  0:12  Probe  
  14  0:17  Pylon  
  14  0:24  Probe (Chrono Boost)  
  16  0:37  Probe (Chrono Boost)  
  16  0:38  Gateway  
  16  0:42  Probe (Chrono Boost)  
  16  0:46  Assimilator  
  17  0:52  Probe (Chrono Boost)  
  17  0:54  Assimilator  
  18  1:04  Probe (Chrono Boost)  
  18  1:07  Gateway  
  19  1:13  Probe (Chrono Boost)  
  20  1:18  Probe  
  21  1:25  Cybernetics Core  
  21  1:30  Probe  
  22  1:36  Pylon  
  22  1:42  Probe  
  23  2:01  Stalker x2  
  23  2:02  Warp Gate  
  27  2:13  Twilight Council  
  27  2:20  Shield Battery  
  27  2:31  Stalker x2  
  31  2:44  Pylon  
  31  2:45  Blink (Chrono Boost)  
  31  3:00  Pylon  
  31  3:09  Stalker x2  
  35  3:18  Gateway  
  35  3:48  Nexus  
  35  3:54  Stalker  
  37  3:57  Stalker  
  39  4:19  Stalker x2  
  39  4:21  Stalker  
  45  4:26  Probe  
  40  4:46  Stalker x2  
  40  4:47  Stalker  
  40  4:51  Probe  
  41  5:17  Stalker x3  
  41  5:20  Probe  
  41  5:21  Probe  
Tags
 
Add a new tag
Caveats
  • Supply blocks, unpowered buildings, or Contaminate may cause inaccurate times.
  • Supply counts are checked every 10 seconds.